Map: Magma Mines

Players

Krayon

  • Race: Terran Terran

SkankyMojo

  • Race: Terran Terran

Gracz - Winner!

  • Race: Zerg Zerg
  • League: Silver

HAJPER - Winner!

  • Race: Zerg Zerg

VOD

Have the link to the VOD?

Description

Time

  • Played on: Nov. 5, 2016, 11:24 a.m.
  • Length: 22:26
Show
View Real Time Build Order
Export as new Build Order

Krayon Terran 

Build Orders:  

Get SALT Encoding   

  12  0:00  SCV  
  13  0:13  SCV  
  14  0:18  Supply Depot  
  14  0:25  SCV  
  15  0:40  SCV  
  15  0:41  Barracks  
  16  0:51  Refinery  
  16  0:52  SCV  
  17  1:04  SCV  
  18  1:12  Refinery  
  18  1:16  SCV  
  19  1:23  Supply Depot  
  19  1:33  Reaper  
  20  1:43  SCV  
  21  1:57  Unknown, Command Center  
  21  2:09  Factory  
  21  2:18  Barracks Tech Lab  
  20  2:54  Factory  
  20  3:00  Starport  
  20  3:08  Unknown, Siege Tank  
  23  3:13  Orbital Command  
  23  3:20  Marine  
  24  3:41  Orbital Command  
  24  3:47  Siege Tank  
  27  3:48  Factory Tech Lab  
  27  3:51  Starport Reactor  
  27  3:57  SCV  
  28  4:11  Siege Tank  
  28  4:15  Refinery  
  31  4:17  SCV x2  
  31  4:19  Refinery  
  33  4:29  Siege Tank  
  36  4:32  SCV  
  36  4:33  SCV  
  38  4:41  Supply Depot  
  38  4:47  Engineering Bay  
  38  4:59  Medivac x2  
  42  5:16  Siege Tank  
  45  5:36  Unknown, Command Center  
  45  5:40  Marine  
  45  5:42  Siege Tank  
  49  5:46  SCV  
  50  6:16  Siege Tank  
  53  6:47  Unknown, Siege Tank  
  53  6:48  Siege Tank  
  59  6:54  Viking x2  
  63  7:10  SCV x2  
  65  7:19  Siege Tank  
  65  7:20  Siege Tank  
  68  7:55  Supply Depot  
  68  7:57  Supply Depot  
  68  7:58  Supply Depot  
  68  7:59  Supply Depot  
  68  8:02  Armory  
  68  8:16  Medivac x2, Siege Tank  
  68  8:18  Siege Tank  
  78  8:22  Supply Depot  
  74  8:44  Factory  
  74  8:53  SCV x2  
  74  8:54  Missile Turret  
  76  9:00  Missile Turret  
  76  9:02  Missile Turret  
  76  9:15  Viking  
  78  9:20  Missile Turret  
  78  9:27  Terran Ship Weapons Level 1  
  78  9:37  Orbital Command  
  78  9:46  Missile Turret  
  78  9:55  Factory Tech Lab  
  78  9:56  Thor  
  84  10:06  Armory, Viking x2  
  88  10:10  Refinery  
  88  10:35  Refinery  
  88  10:36  Viking  
  88  10:40  Viking  
  49  11:06  Viking  
  49  11:10  Viking  
  41  11:14  Siege Tank x2  
  41  11:15  Siege Tank  
  50  11:28  Missile Turret x2  
  49  11:46  Siege Tank x2  
  53  11:47  Siege Tank  
  43  12:18  Thor x3  
  43  12:21  SCV x2  
  43  12:22  SCV  
  64  12:33  SCV x2  
  64  12:34  SCV  
  64  12:35  Terran Vehicle Weapons Level 1  
  67  12:38  Terran Vehicle And Ship Armor Level 1  
  67  13:01  Factory, Thor x2  
  79  13:15  Thor  
  85  13:44  Thor  
  91  13:53  Thor  
  97  13:58  Medivac  
  97  13:59  Medivac, Factory Tech Lab  
  101  14:15  Supply Depot x2  
  101  14:16  Supply Depot  
  101  14:19  Thor  
  101  14:20  Marine, Supply Depot  
  106  15:02  Thor  
  106  15:03  Thor x2  
  124  15:07  Terran Vehicle Weapons Level 2  
  124  15:09  Terran Vehicle And Ship Armor Level 2  
  87  15:30  Siege Tank  
  72  15:45  Siege Tank  
  75  15:57  Thor  
  75  16:00  Medivac  
  75  16:02  Medivac  
  82  16:30  Siege Tank  
  82  16:32  Siege Tank  
  88  16:46  Marine  
  89  16:48  Siege Tank  
  89  16:49  Siege Tank  
  61  17:41  Siege Tank  
  61  17:42  Siege Tank x2  
  61  17:43  Siege Tank  
  63  18:16  Siege Tank  
  63  18:17  Siege Tank  
  63  18:18  Siege Tank  
  72  18:44  Hellion  
  59  18:49  Hellion x2  
  59  18:50  Siege Tank  
  51  19:44  Thor  
  52  19:58  Orbital Command  
  52  20:08  Thor  
  58  20:14  Refinery  
  58  20:16  Refinery  
Show
View Real Time Build Order
Export as new Build Order

SkankyMojo Terran 

Build Orders:  

Get SALT Encoding   

  12  0:01  SCV  
  13  0:13  SCV  
  14  0:24  Supply Depot  
  14  0:28  SCV  
  15  0:46  SCV  
  16  0:53  Barracks  
  16  0:58  SCV  
  17  1:06  Refinery  
  17  1:10  SCV  
  18  1:22  SCV  
  19  1:40  Marine  
  20  1:52  Orbital Command  
  20  1:57  Marine  
  21  2:06  Unknown, Command Center  
  21  2:15  Marine  
  22  2:33  Bunker, Marine  
  23  3:17  Unknown  
  23  3:42  Orbital Command  
  23  3:46  Bunker, SCV  
  24  3:58  SCV  
  25  4:03  Refinery  
  25  4:04  Refinery x2  
  25  4:11  SCV  
  25  4:13  Marine  
  27  4:23  SCV  
  28  4:31  Marine  
  28  4:34  Factory  
  28  4:35  SCV  
  30  4:42  Factory  
  30  4:44  Factory  
  30  4:47  Factory  
  30  4:49  Marine  
  31  5:05  Engineering Bay  
  31  5:06  Marine  
  32  5:13  Supply Depot  
  32  5:14  Supply Depot  
  32  5:18  Supply Depot  
  33  5:35  SCV  
  33  5:36  SCV  
  33  5:37  Supply Depot  
  34  5:47  SCV  
  34  5:48  SCV  
  36  5:51  Factory Tech Lab x4  
  36  6:00  SCV x2  
  38  6:12  SCV x2  
  40  6:24  SCV x2  
  42  6:38  Unknown, Command Center  
  42  7:09  SCV  
  42  7:10  SCV  
  42  7:14  Sensor Tower  
  44  7:19  Missile Turret  
  44  7:21  Missile Turret, SCV, Sensor Tower  
  44  7:22  Supply Depot x2, SCV  
  46  7:26  Supply Depot  
  46  7:28  Missile Turret  
  45  7:31  Missile Turret  
  45  7:33  SCV  
  45  7:34  SCV  
  45  7:35  Supply Depot  
  47  7:38  Supply Depot x2  
  47  7:45  Refinery, SCV  
  47  7:46  SCV  
  47  7:50  Unknown  
  49  7:53  Armory  
  49  7:57  Armory, SCV  
  49  7:58  SCV  
  51  8:13  Planetary Fortress  
  51  8:53  Terran Vehicle And Ship Armor Level 1  
  51  8:58  Thor x4  
  75  9:10  Missile Turret  
  75  9:11  Missile Turret  
  75  9:13  Missile Turret  
  75  9:25  Missile Turret  
  75  9:27  Missile Turret  
  75  9:32  Missile Turret  
  75  9:36  Armory  
  75  9:40  Thor  
  75  9:41  Thor x3  
  75  9:42  SCV  
  100  9:54  SCV  
  101  10:06  SCV  
  102  10:10  Supply Depot  
  102  10:11  Supply Depot  
  102  10:13  SCV  
  102  10:14  SCV  
  104  10:15  Supply Depot  
  104  10:18  SCV  
  105  10:23  Thor x2  
  105  10:24  Thor x2  
  129  10:30  SCV  
  129  10:34  Terran Vehicle Weapons Level 1  
  130  10:50  Supply Depot  
  130  10:57  Supply Depot  
  124  11:06  Thor x2  
  136  11:15  Thor x2  
  130  11:20  Supply Depot  
  102  11:49  Thor  
  108  12:09  Thor  
  108  12:10  Thor x2  
  126  12:21  Terran Vehicle And Ship Armor Level 2  
  126  12:28  Terran Vehicle Weapons Level 2  
  126  12:36  Refinery, SCV  
  127  12:45  Missile Turret  
  127  12:48  SCV  
  127  12:50  Missile Turret  
  128  13:00  SCV  
  129  13:12  SCV, Thor  
  136  13:16  Thor  
  142  13:24  SCV  
  142  13:26  Thor  
  149  13:53  Thor  
  149  13:55  Thor  
  161  13:59  Thor  
  167  14:14  Thor  
  173  14:35  Thor  
  173  14:36  Unknown, Command Center  
  95  15:03  Thor x3  
  113  15:18  Thor  
  89  15:46  Thor x2  
  89  15:48  Unknown  
  101  15:52  Planetary Fortress  
  101  15:55  Thor  
  107  16:22  Thor  
  113  16:29  Thor  
  119  16:46  Terran Vehicle Weapons Level 3  
  119  17:02  Terran Vehicle And Ship Armor Level 3  
  119  17:04  Refinery x2  
  90  17:53  Thor  
  90  17:54  Thor  
  96  18:29  Thor  
  66  19:29  Refinery  
  66  19:40  Refinery  
  46  19:56  Thor x2  
  39  20:25  Orbital Command  
  39  20:41  Unknown, Command Center  
  33  21:06  SCV  
  29  21:18  SCV  
  29  21:30  SCV  
  24  21:42  SCV  
  24  21:54  SCV  
Show
View Real Time Build Order
Export as new Build Order

Gracz Zerg - Winner!

Build Orders: Hatch First, Lurkers 

Get SALT Encoding   

  12  0:02  Drone  
  13  0:12  Drone  
  14  0:20  Overlord  
  14  0:44  Unknown, Hatchery  
  14  0:47  Drone  
  14  1:15  Drone  
  14  1:16  Drone x2  
  17  1:24  Spawning Pool  
  16  1:25  Extractor  
  15  1:40  Drone  
  15  1:41  Drone  
  17  1:55  Unknown  
  17  1:59  Drone x3  
  20  2:11  Queen x2  
  24  2:17  Drone  
  24  2:18  Drone x2  
  27  2:23  Extractor  
  26  2:42  Drone x2  
  26  2:43  Overlord  
  26  2:44  Overlord x2  
  28  3:07  Unknown, Hatchery  
  27  3:12  Overlord  
  27  3:13  Overlord  
  27  3:25  Drone x7  
  34  3:37  Roach Warren  
  33  4:10  Drone  
  33  4:11  Drone x8  
  33  4:14  Unknown, Extractor, Hatchery  
  33  4:16  Extractor  
  39  4:18  Unknown  
  39  4:22  Lair  
  39  4:25  Pneumatized Carapace  
  39  4:33  Queen  
  41  4:49  Roach x7  
  41  4:50  Zergling x2  
  41  4:52  Roach  
  58  5:12  Drone x3  
  61  5:15  Drone x2  
  63  5:25  Unknown  
  63  5:27  Evolution Chamber  
  62  5:32  Evolution Chamber  
  61  5:36  Infestation Pit  
  61  5:38  Spire  
  61  5:41  Hydralisk Den  
  58  5:43  Overlord  
  58  5:52  Queen  
  58  5:53  Queen x2  
  58  5:55  Drone  
  58  5:56  Drone x7  
  65  6:54  Spore Crawler  
  65  6:57  Spore Crawler  
  65  6:59  Spine Crawler  
  61  7:31  Corruptor  
  61  7:32  Corruptor x8  
  61  7:36  Overlord x4  
  79  7:53  Extractor  
  79  7:55  Extractor  
  77  8:02  Drone x11  
  88  8:09  Hive  
  88  8:10  Lurker Den  
  88  8:12  Zerg Flyer Weapons Level 1  
  88  8:16  Zerg Melee Weapons Level 1  
  88  8:42  Spine Crawler  
  88  8:44  Baneling Nest  
  88  8:46  Spine Crawler  
  85  9:24  Zerg Ground Armor Level 1  
  85  9:27  Drone x5  
  85  9:28  Drone x5  
  95  9:34  Drone  
  95  9:35  Drone x8  
  104  9:53  Spire  
  104  9:58  Ultralisk Cavern  
  104  9:59  Glial Reconstitution  
  102  10:03  Overlord x3  
  102  10:11  Extractor  
  101  10:36  Roach  
  101  10:37  Roach x10, Zergling x2  
  101  10:38  Zergling x8  
  101  10:40  Overlord x2  
  101  10:42  Unknown, Hatchery  
  127  10:56  Roach  
  127  10:57  Roach x3  
  111  11:24  Hydralisk  
  111  11:25  Hydralisk x15  
  136  11:54  Unknown  
  119  12:02  Lurker x4  
  119  12:03  Lurker  
  119  12:05  Overlord x4  
  119  12:06  Overlord  
  120  12:12  Drone x9  
  129  12:30  Lurker x3  
  132  12:38  Drone x9  
  132  12:39  Drone x2  
  132  12:41  Extractor  
  132  12:42  Extractor  
  141  13:07  Unknown, Hatchery  
  140  13:27  Ultralisk  
  146  13:30  Ultralisk x3  
  146  13:33  Zergling x2  
  165  13:34  Zergling x34  
  165  13:35  Zergling x4  
  165  13:40  Chitinous Plating  
  184  13:56  Zerg Ground Armor Level 2  
  184  14:17  Greater Spire  
  184  14:18  Zerg Flyer Armor Level 1, Unknown  
  169  14:35  Extractor  
  169  14:36  Extractor  
  145  14:44  Zergling x2  
  145  14:45  Zergling x38  
  98  15:01  Hydralisk  
  98  15:02  Hydralisk x5  
  97  15:26  Ultralisk x6  
  97  15:27  Ultralisk x2  
  97  15:28  Zergling x8  
  142  15:42  Metabolic Boost  
  142  15:51  Drone  
  142  15:52  Drone x16  
  142  15:53  Drone x4  
  163  16:01  Baneling  
  163  16:02  Centrifical Hooks, Baneling x7  
  163  16:05  Lurker x2  
  165  16:31  Zerg Ground Armor Level 3  
  165  17:00  Corruptor x2  
  165  17:01  Adrenal Glands, Corruptor x7  
  166  17:02  Zergling x12  
  166  17:03  Zergling x20  
  184  17:27  Zerg Melee Weapons Level 2  
  109  17:45  Corruptor  
  109  17:46  Ultralisk  
  109  17:47  Ultralisk x2  
  109  17:48  Zergling x2  
  109  17:49  Zergling x28  
  136  18:19  Roach x12  
  125  18:37  Brood Lord  
  125  18:38  Brood Lord x4  
  125  18:41  Zergling x12  
  136  18:42  Zergling x8  
  136  18:43  Zergling x2  
  136  18:44  Zergling x2  
  141  19:02  Ultralisk x2  
  153  19:03  Zergling x6  
  153  19:04  Zergling x2  
  153  19:05  Zergling x2  
  158  19:18  Ravager x4  
  158  19:19  Ravager  
  139  19:56  Ultralisk x3  
  139  19:57  Zergling x20  
  139  19:58  Zergling x6  
  167  20:14  Corruptor  
  167  20:15  Corruptor x2  
  152  20:46  Zergling x2  
  152  20:47  Roach, Zergling x6  
  152  20:48  Roach x10  
  152  20:49  Zergling x2  
  179  20:50  Zergling x2  
  176  21:37  Corruptor  
  176  21:38  Corruptor x8  
Show
View Real Time Build Order
Export as new Build Order

HAJPER Zerg - Winner!

Build Orders: Pool First 

Get SALT Encoding   

  12  0:01  Drone  
  13  0:17  Overlord  
  13  0:32  Spawning Pool  
  13  0:35  Drone  
  13  0:46  Drone x2  
  15  1:21  Extractor  
  15  1:22  Unknown, Hatchery  
  15  1:23  Extractor, Drone x2  
  15  1:24  Drone  
  15  1:37  Queen  
  17  1:53  Drone  
  17  1:54  Drone  
  19  2:03  Overlord  
  19  2:33  Unknown  
  19  2:48  Lair  
  19  2:49  Drone  
  19  2:50  Drone x2  
  22  2:54  Evolution Chamber  
  21  3:00  Roach Warren  
  21  3:01  Drone x2  
  22  3:08  Drone  
  23  3:18  Overlord  
  23  3:28  Queen  
  25  3:42  Drone x3  
  25  3:43  Drone x2  
  30  3:49  Drone x3  
  33  4:04  Drone  
  34  4:16  Zergling x4  
  36  4:17  Overlord  
  36  4:20  Metabolic Boost  
  36  4:25  Zerg Missile Weapons Level 1  
  36  4:26  Glial Reconstitution  
  36  4:31  Overlord x2  
  36  4:51  Roach x4  
  44  4:57  Roach x3  
  44  4:58  Roach  
  52  5:12  Unknown, Hatchery  
  51  5:15  Drone x2  
  53  5:47  Spire  
  52  5:51  Roach x4, Overlord x2  
  60  6:24  Unknown  
  58  6:53  Drone  
  61  6:54  Roach  
  61  6:56  Drone x4  
  61  7:00  Extractor x2, Drone  
  61  7:01  Drone x2  
  66  7:25  Queen, Drone x2  
  70  7:32  Mutalisk x3  
  70  7:33  Mutalisk  
  70  7:34  Mutalisk  
  80  7:38  Overlord  
  80  8:02  Drone x3  
  83  8:11  Mutalisk x3  
  89  8:13  Overlord x3  
  89  8:39  Mutalisk x4  
  89  8:40  Mutalisk  
  99  8:51  Corruptor  
  101  8:56  Zergling x10  
  101  8:57  Zergling x2  
  101  8:58  Zergling x6  
  110  9:02  Overlord  
  110  9:03  Overlord x2  
  110  9:42  Mutalisk  
  110  9:43  Mutalisk x4  
  120  9:46  Roach x2  
  120  9:47  Roach x2  
  128  9:53  Ravager  
  128  9:57  Ravager  
  130  10:03  Extractor  
  130  10:04  Extractor  
  128  10:18  Ravager x3  
  131  10:36  Ravager x2  
  133  10:44  Drone x3  
  78  12:11  Mutalisk x2  
  78  12:12  Mutalisk x4  
  78  12:13  Mutalisk x3  
  96  12:17  Roach x6  
  96  12:18  Roach  
  110  12:45  Ravager x6  
  110  12:46  Ravager x2  
  118  12:53  Unknown, Hatchery  
  118  12:54  Mutalisk x5  
  118  12:58  Roach  
  129  12:59  Roach x4  
  129  13:01  Overlord  
  137  13:07  Overlord x2  
  137  13:21  Zerg Flyer Armor Level 1  
  137  13:28  Mutalisk  
  137  13:29  Mutalisk  
  137  13:31  Roach x5  
  151  13:49  Mutalisk  
  153  13:57  Ravager  
  154  14:04  Unknown  
  154  14:09  Mutalisk  
  154  14:10  Mutalisk x2  
  154  14:15  Extractor x2  
  158  14:21  Overlord  
  158  14:23  Roach x5  
  130  15:05  Zergling x2  
  130  15:06  Zergling x4  
  133  15:11  Queen  
  133  15:13  Mutalisk x5  
  133  15:14  Mutalisk x2  
  97  15:53  Mutalisk x3  
  103  16:03  Roach x3  
  109  16:04  Roach  
  109  16:05  Roach x2  
  115  16:28  Ravager  
  115  16:29  Ravager x4  
  120  16:36  Ravager  
  61  18:00  Roach x2  
  61  18:01  Roach x3  
  61  18:02  Roach x4  
  79  18:17  Roach x2  
  79  18:18  Roach x6  
  79  18:19  Roach  
  97  18:23  Ravager x5  
  77  18:52  Roach x5  
  77  18:53  Roach x4  
  95  18:59  Ravager x5  
  95  19:00  Ravager x4  
  104  19:04  Roach x2  
  104  19:05  Roach  
  104  19:08  Roach x3  
  116  19:19  Ravager x5  
  116  19:20  Ravager x4  
  125  19:52  Roach x3  
  131  19:55  Roach x2  
  131  19:56  Roach x3  
  141  20:17  Ravager  
  141  20:18  Ravager x5  
  141  20:21  Roach x3  
  135  21:35  Mutalisk x3  
  135  21:36  Mutalisk x4  
  135  21:37  Mutalisk x4  
  135  21:38  Mutalisk  
Tags
 
Add a new tag
Caveats
  • Supply blocks, unpowered buildings, or Contaminate may cause inaccurate times.
  • Supply counts are checked every 10 seconds.